 Dungeon Crawl Stone Soup version 0.20-a0-833-gc632bec (webtiles) character file.

119 Kidiri the Magician (level 4, 0/24 HPs)
             Began as a Deep Elf Fire Elementalist on Mar 7, 2017.
             Slain by a hobgoblin (2 damage)
             ... on level 2 of the Dungeon.
             The game lasted 00:08:20 (2128 turns).

Kidiri the Magician (Deep Elf Fire Elementalist)    Turns: 2128, Time: 00:08:21

Health: 0/24       AC:  4    Str:  5    XL:     4   Next: 74%
Magic:  2/13       EV: 13    Int: 21    God:
Gold:   67         SH:  0    Dex: 15    Spells: 4/13 levels left

rFire    x . .     SeeInvis .   d - +0 dagger
rCold    + . .     Gourm    .   a - +0 robe
rNeg     . . .     Faith    .   (no shield)
rPois    +         Spirit   .   (no helmet)
rElec    .         Reflect  .   q - +1 cloak {rPois}
rCorr    .         Harm     .   (no gloves)
MR       .....                  (no boots)
Stlth    ++........             (no amulet)
Regen    0.1/turn               (no ring)
MPRegen  0.2/turn               m - ring of ice

@: no status effects
A: no striking features
a: no special abilities


You were on level 2 of the Dungeon.
You were not hungry.

You visited 1 branch of the dungeon, and saw 2 of its levels.

You collected 67 gold pieces.

Inventory:

Hand Weapons
 d - a +0 dagger (weapon)
 g - a +4 dagger of freezing
Armour
 a - a +0 robe (worn)
 q - a +1 cloak of poison resistance (worn)
Jewellery
 m - a ring of ice (left hand)
Scrolls
 e - a scroll of blinking
Potions
 n - a potion of agility
Books
 b - a book of Flames

   Spells                             Type                      Level
   a - Flame Tongue                   Conjuration/Fire             1
   b - Throw Flame                    Conjuration/Fire             2
   c - Conjure Flame                  Conjuration/Fire             3
   d - Inner Flame                    Hexes/Fire                   3
   e - Sticky Flame                   Conjuration/Fire             4
   f - Fireball                       Conjuration/Fire             5
Comestibles
 c - 2 bread rations
 f - 2 royal jellies
 h - 3 meat rations
 i - 2 fruits
 j - 6 chunks of flesh


   Skills:
 - Level 2.4 Dodging
 - Level 2.4 Stealth
 * Level 5.1 Spellcasting
 + Level 2.3 Conjurations
 + Level 4.3 Fire Magic


You had 4 spell levels left.
You knew the following spells:

 Your Spells              Type           Power        Failure   Level  Hunger
a - Flame Tongue          Conj/Fire      ###..        2%          1    None
b - Throw Flame           Conj/Fire      ###...       4%          2    None
c - Conjure Flame         Conj/Fire      ###.....     10%         3    ##.....
d - Inner Flame           Hex/Fire       ##......     17%         3    ##.....


Dungeon Overview and Level Annotations

Branches:
Dungeon (2/15)

Altars:


Message History

The gnoll hits you from afar with a halberd.
A hobgoblin comes into view.
The hobgoblin shouts!
Found 15 stones.
There is an open door here.
Things that are here:
a chain mail; a dagger of freezing
g - a dagger of freezing
There is an open door, spattered with blood here.
Casting: Flame Tongue
Confirm with . or Enter, or press ? or * to list all spells.
Aiming: Flame Tongue
Press: ? - help, Shift-Dir - straight line, f - hobgoblin
Aim: a hobgoblin The flame tongue hits the hobgoblin.
The hobgoblin is moderately wounded.
The gnoll hits you from afar with a halberd!
* * * LOW HITPOINT WARNING * * *
The hobgoblin hits you.
You die...

###....... . .....#.. w.
#...#.# #.##.....#
#........# b####....##
........#####.#
..............# #.
#######@####### #.# ##g##
#.# ##..g## #.# ##.....##
### #.# ##.......##
##.###.#
###.........####...##.##
..'......)..'<รท.........
###.........####...##.##
##.......## ###w###.##


You could see a gnoll, a hobgoblin and a bat.

Vanquished Creatures
  Ijyb (D:2)
  2 adders (D:2)
  3 gnolls
  A worm (D:2)
  A leopard gecko (D:2)
  3 giant cockroaches (D:1)
  7 goblins
  5 hobgoblins
  2 kobolds (D:2)
  2 quokkas (D:2)
  2 ball pythons
  4 bats
  4 frilled lizards
  11 rats
48 creatures vanquished.

Notes
Turn   | Place    | Note
-------+----------+-------------------------------------------
     0 | D:1      | Kidiri the Deep Elf Fire Elementalist began the quest for the Orb.
     0 | D:1      | Reached XP level 1. HP: 10/10 MP: 6/6
   147 | D:1      | You fall through a shaft!
   147 | D:2      | Noticed Ijyb
   218 | D:1      | Reached XP level 2. HP: 13/15 MP: 0/8
   266 | D:1      | Learned a level 2 spell: Throw Flame
   968 | D:2      | Reached XP level 3. HP: 16/19 MP: 1/10
   980 | D:2      | Reached skill level 4 in Spellcasting
   991 | D:2      | Learned a level 3 spell: Conjure Flame
   995 | D:2      | Learned a level 3 spell: Inner Flame
  1471 | D:2      | Reached XP level 4. HP: 15/24 MP: 4/12
  1900 | D:2      | Killed Ijyb
  1900 | D:2      | Reached skill level 5 in Spellcasting
  2128 | D:2      | Slain by a hobgoblin

Vault maps used:
D:1:      lightli_arrival_boilingwater, minivault_11
D:2:      minmay_diamond_boxcup, first_bread, uniq_iyjb

Skill      XL: |  1  2  3  4 |
---------------+-------------+-----
Spellcasting   | 4 5 |  5.1
Fire Magic     | 4 |  4.3
Conjurations   | 2 |  2.3
Dodging        | |  2.4
Stealth        | |  2.4

Action                   |  1- 3 |  4- 6 || total
-------------------------+-------+-------++-------
Melee: Unarmed           |    25 |       ||    25
       Dagger            |       |    30 ||    30
 Cast: Flame Tongue      |    66 |    24 ||    90
       Throw Flame       |     2 |     1 ||     3
       Conjure Flame     |       |     4 ||     4
       Inner Flame       |       |     4 ||     4
  Use: Scroll            |     7 |       ||     7
       Potion            |       |     2 ||     2
 Stab: Sleeping          |     2 |       ||     2
  Eat: Chunk             |     2 |     2 ||     4
Armor: Robe              |    12 |     1 ||    13
       Skin              |       |    19 ||    19
Dodge: Dodged            |    49 |    14 ||    63
